 Dungeon Crawl Stone Soup version 0.30.0-17-ge0270778cf (webtiles) character file.

Game seed: 5373683029433302359

7499 tensugalgo the Basher (level 10, -1/118 HPs)
             Began as an Armataur Berserker on May 22, 2023.
             Was an Elder of Trog.
             Slain by a troll (8 damage)
             ... on level 9 of the Dungeon.
             The game lasted 00:12:11 (9722 turns).

tensugalgo the Basher (Armataur Berserker)          Turns: 9722, Time: 00:12:13

Health: -1/118     AC: 18    Str: 27    XL:     10   Next: 95%
Magic:  10/10      EV:  6    Int:  8    God:    Trog [****..]
Gold:   477        SH:  0    Dex:  9    Spells: 9/9 levels left

rFire   + . .        J - +2 dire flail
rCold   + . .        (shield currently unavailable)
rNeg    . . .        L - +1 plate armour {rC+}
rPois   +            v - +1 hat
rElec   .            M - +0 cloak {rPois}
rCorr   .            m - +0 pair of gloves
SInv    .            (no barding)
Will    .....        (no amulet) Stlth
                     l - ring of protection from fire
HPRegen 0.39/turn    D - ring of flight
MPRegen 0.12/turn

%: roll
@: berserking, flying, very quick
A: large, rugged brown scales 3, deformed body, armoured tail, roll, long
tongue, awkward tongue
a: Renounce Religion, Berserk, Trog's Hand, Brothers in Arms


You were on level 9 of the Dungeon.
You worshipped Trog.
Trog was greatly pleased with you.
You visited 1 branch of the dungeon, and saw 9 of its levels.
You also visited: Bailey.

You collected 477 gold pieces.

Inventory:

Hand Weapons
 a - a +0 mace
 o - a +3 mace of freezing
 t - a +2 mace of protection
 x - a +1 broad axe of draining
 A - a +0 morningstar
 J - a +2 dire flail (weapon)
Missiles
 w - a curare-tipped dart (quivered)
 F - a throwing net
Armour
 b - a +0 animal skin
 e - a +0 ring mail
 m - a +0 pair of gloves (worn)
 r - a +0 chain mail
 u - a +0 cloak
 v - a +1 hat (worn)
 B - a scarf of resistance
 I - a +0 troll leather armour
 K - a +4 plate armour
 L - a +1 plate armour of cold resistance (worn)
 M - a +0 cloak of poison resistance (worn)
Jewellery
 l - a ring of protection from fire (left hand)
 D - a ring of flight (right hand)
 H - a ring of fire
Wands
 C - a wand of charming (3)
 E - a wand of mindburst (3)
Scrolls
 d - 5 scrolls of blinking
 f - 2 scrolls of brand weapon
 i - 3 scrolls of poison
 k - 2 scrolls of amnesia
 y - a scroll of enchant weapon
 G - a scroll of magic mapping
Potions
 c - a potion of invisibility
 g - 2 potions of attraction {unknown}
 h - 6 potions of curing {unknown}
 j - 3 potions of brilliance {unknown}
 n - a potion of haste {unknown}
 p - 3 potions of lignification {unknown}
 q - 4 potions of degeneration {unknown}
 s - 2 potions of flight
 z - a potion of heal wounds
Miscellaneous
 N - a lightning rod (4/4)


   Skills:
 - Level 2.6 Fighting
 * Level 12.7 Maces & Flails
 + Level 12.2 Armour
 - Level 1.3 Dodging


You had 9 spell levels left.
You didn't know any spells.
Your spell library was empty.

Dungeon Overview and Level Annotations

Branches:
Dungeon (9/15)             Temple (0/1) D:4            Lair (0/5) D:9
 Bailey (visited)
    Orc: D:9-12

Altars:
Fedhas
Kikubaaqudgha
Sif Muna
Vehumet
Wu Jian

Shops:
D:1 !

Annotations:
D:7 exclusion: statue


Innate Abilities, Weirdness & Mutations

You are completely covered in rugged brown scales. (AC +3, +7% HP)
Armour fits poorly on your strangely shaped body.
You have a long armoured tail.
You roll when moving toward enemies. (Rampage)
Your long tongue fully drains potion bottles. (2x potion effects)
Your tongue gives you trouble enunciating. (1.5x scroll delay)


Message History

The electric eel shoots out a bolt of lightning at you!
The bolt of electricity hits you but does no damage.
The electric eel shoots out a bolt of lightning at you!
The bolt of electricity misses you. The hound bites you but does no damage.
The hound attacks as you move away! The hound bites you but does no damage.
The electric eel shoots out a bolt of lightning at you!
The bolt of electricity hits you!
Unknown command.
The hound attacks as you move away! The hound bites you but does no damage.
The electric eel shoots out a bolt of lightning at you!
The bolt of electricity hits you! The hound bites you but does no damage.
Unknown command.
Things that are here:
a hound corpse; a hound corpse The hound bites you.
You see here a wolf corpse.
You barely miss the hound. The hound bites you.
You puncture the hound!
The hound is heavily wounded.
The hound bites you but does no damage.
You miss the hound.
Your tail-slap misses the hound.
The hound is heavily wounded.
The hound bites you but does no damage.
You impale the hound!!
You kill the hound!
Trog accepts your kill.
You closely miss the troll. You tail-slap the troll.
The troll is lightly wounded.
You puncture the troll!
The troll is moderately wounded.
The troll bites you! The troll claws you but does no damage.
The troll claws you!
* * * LOW HITPOINT WARNING * * *
A red film seems to cover your vision as you go berserk!
You feel yourself moving faster!
You feel mighty! The troll bites you.
* * * LOW HITPOINT WARNING * * *
The troll claws you!
* * * LOW HITPOINT WARNING * * *
The troll claws you!
You die...

#.............#..
##.......##...###
#........##...###
#....##..........
#.#####..........
#.# #...........
#.# #...........
#####.#
#...........
#.hT@.#
#...##....##
#.########...
#....##
#...........
........
#.........
.........
#T.S..~.~.
.~~......
#..S..~.~~
~~......
#..~~~≈~.≈ ~....(
#....~≈≈h≈ .~##'#
#....≈≈≈g≈ ≈≈ #.


You could see a troll and a hound.

Vanquished Creatures
  A two-headed ogre (D:8)
  2 orc knights (Bailey)
  Maggie (D:6)
  2 trolls
  2 wraiths (D:9)
  8 yaks
  Menkaure (D:5)
  A steam dragon (D:7)
  A water moccasin (D:6)
  9 orc warriors
  3 sky beasts
  An ice beast (D:5)
  An ogre (D:5)
  A wolf (D:9)
  2 centaurs
  2 kobold brigands (D:6)
  2 scorpions
  6 bullfrogs
  6 wights
  4 killer bees (D:7)
  11 hounds
  2 jellies
  An orc priest (D:8)
  Jessica (D:2)
  A gnoll bouda (D:4)
  2 iguanas
  4 orc wizards
  Terence (D:3)
  4 adders
  A gnoll (D:1)
  A shadow imp (D:6)
  3 white imps
  2 worms
  3 dart slugs
  37 orcs
  6 ball pythons
  9 endoplasms
  6 giant cockroaches
  4 goblins
  4 hobgoblins
  17 kobolds
  4 quokkas
  5 bats (D:1)
  6 frilled lizards
  6 rats
197 creatures vanquished.

Vanquished Creatures (collateral kills)
  An orc warrior (Bailey)
  2 orcs (Bailey)
  A goblin (D:9)
4 creatures vanquished.

Vanquished Creatures (others)
  A wight (D:9)
  An orc wizard (D:7)
  An orc (D:7)
3 creatures vanquished.

Grand Total: 204 creatures vanquished

Notes
Turn   | Place    | Note
-------+----------+-------------------------------------------
     0 | D:1      | tensugalgo the Armataur Berserker began the quest for the
                  | Orb.
     0 | D:1      | Reached XP level 1. HP: 19/19 MP: 1/1
   273 | D:1      | Reached XP level 2. HP: 19/26 MP: 2/2
   586 | D:1      | Reached XP level 3. HP: 29/32 MP: 3/3
   950 | D:1      | Reached ** piety under Trog
   963 | D:1      | Found Ziuc's Distillery.
  1424 | D:2      | Found an ornate altar of the Wu Jian Council.
  1551 | D:2      | Reached XP level 4. HP: 35/39 MP: 4/4
  1572 | D:2      | Noticed Jessica
  1576 | D:2      | Killed Jessica
  1583 | D:2      | Reached skill level 5 in Maces & Flails
  1757 | D:2      | You fall into a shaft and drop 1 floor!
  2674 | D:3      | Noticed Terence
  2685 | D:3      | Killed Terence
  2686 | D:3      | Reached XP level 5. HP: 44/44 MP: 5/5
  3078 | D:4      | Found a staircase to the Ecumenical Temple.
  3287 | D:4      | Reached XP level 6. HP: 49/53 MP: 6/6
  3325 | D:4      | Found an ornate altar of the Wu Jian Council.
  3679 | D:5      | Entered Level 5 of the Dungeon
  3768 | D:5      | Reached *** piety under Trog
  3973 | D:5      | Reached skill level 5 in Armour
  4084 | D:5      | Noticed an ice beast
  4098 | D:5      | Killed an ice beast
  4099 | D:5      | Reached XP level 7. HP: 59/59 MP: 7/7
  4436 | D:5      | Noticed Menkaure
  4544 | D:5      | Killed Menkaure
  4801 | D:6      | Noticed Maggie
  4815 | D:6      | Killed Maggie
  4816 | D:6      | Reached XP level 8. HP: 66/66 MP: 8/8
  5939 | D:7      | Reached XP level 9. HP: 45/72 MP: 9/9
  5995 | D:7      | Reached **** piety under Trog
  6476 | D:7      | Reached skill level 10 in Maces & Flails
  6666 | D:7      | Found a shimmering blue altar of Sif Muna.
  6705 | D:7      | Reached skill level 10 in Armour
  6808 | D:7      | Found a radiant altar of Vehumet.
  6865 | D:7      | Noticed a troll
  6872 | D:7      | Killed a troll
  7434 | D:8      | Found a blossoming altar of Fedhas.
  7438 | D:8      | Found an ancient bone altar of Kikubaaqudgha.
  7706 | D:8      | Noticed a two-headed ogre
  7712 | D:8      | Killed a two-headed ogre
  7713 | D:8      | Reached XP level 10. HP: 64/79 MP: 10/10
  8280 | D:9      | Found a flagged portal.
  8289 | Bailey   | Entered a bailey
  8808 | Bailey   | Noticed an orc knight
  8808 | Bailey   | Noticed an orc knight
  8838 | Bailey   | Killed an orc knight
  8983 | Bailey   | Killed an orc knight
  9708 | D:9      | Found a staircase to the Lair.
  9722 | D:9      | Slain by a troll

Illustrated notes

Levels and vault maps discovered:
D:1:      dpeg_arrival_circle_labyrinth_c, layout_loops_corners, serial_shops,
          shop
D:2:      layout_basic, basic_altar, st_stairs_12, uniq_jessica
D:3:      layout_basic, kennysheep_generic_room_16, uniq_terence
D:4:      layout_loops_ring, nzn_wu_jian_council_hall, minmay_temple_entry_mist,
          grunt_tough_drop
D:5:      layout_basic, uniq_menkaure
D:6:      layout_basic, nicolae_figureground_pulse, uniq_maggie
D:7:      layout_loops_ring, vehumet_statue, led_sif_pool, minmay_bent
D:8:      layout_loops_ring, grunt_temple_overflow_growth_and_decay
D:9:      layout_gridville, erik_lair_island, ebering_ghost_gozag,
          enter_bailey_5, nicolae_ea-nasir_strikes_again

Skill      XL: |  1  2  3  4  5  6  7  8  9 10 |
---------------+-------------------------------+-----
Maces & Flails | 3 4 5 6 7 9 11 12 | 12.7
Armour         | 3 5 7 9 10 12 | 12.2
Fighting       | |  2.6
Dodging        | |  1.3

Action                     |  1- 3 |  4- 6 |  7- 9 | 10-12 || total
---------------------------+-------+-------+-------+-------++-------
  Melee: Mace              |   131 |   159 |    55 |       ||   345
         Tailslap          |    11 |    14 |    27 |    20 ||    72
         Punch             |       |     2 |     6 |       ||     8
         Broad axe         |       |       |   211 |   122 ||   333
         Dire flail        |       |       |       |    53 ||    53
 Invoke: Berserk           |     1 |     2 |     6 |     6 ||    15
  Evoke: Wand              |       |       |       |     8 ||     8
    Use: Scroll            |       |       |     7 |     1 ||     8
   Stab: Sleeping          |     2 |       |       |       ||     2
         Distracted        |       |       |       |     1 ||     1
 Armour: Animal skin       |     7 |       |       |       ||     7
         Ring mail         |    66 |    17 |       |       ||    83
         Chain mail        |       |    67 |   185 |    18 ||   270
         Plate armour      |       |       |       |    72 ||    72
  Dodge: Dodged            |    66 |    55 |   116 |    56 ||   293
